[Event "Romanian Superliga Women 2024"]
[Site "Mamaia"]
[Date "2024.10.02"]
[Round "3.1"]
[White "Raeva, Elitsa"]
[Black "Hoanca, Alexia-Ioana"]
[Result "1-0"]
[ECO "A20"]
[WhiteElo "2185"]
[BlackElo "1962"]
[Annotator "TA"]
[PlyCount "83"]
[EventDate "2024.09.26"]
[EventType "team-tourn"]
[EventCountry "ROU"]
[SourceTitle "playchess.com"]
[Source "ChessBase"]
[SourceQuality "1"]
[TimeControl "40/5400+30:1800+30"]

1. c4 e5 2. g3 c6 3. d4 e4 4. Nc3 d5 5. Qb3 Nf6 (5... dxc4 $11 6. Qxc4 Be6) 6. Bg5 ({White should try} 6. cxd5 $1 $14 h6 7. Bh3) 6... Nbd7 ({Black should play} 6... dxc4 $11 7. Qxc4 b5) 7. Bg2 (7. cxd5 $14 h6 8. dxc6 bxc6 9. Bf4) 7... Be7 (7... dxc4 $15 8. Qxc4 Nb6) 8. cxd5 $16 {[%emt 0:05:44] White is better.} cxd5 9. f3 {[%emt 0:00:47] White is much more active. The black rooks are passive.} ({Better is} 9. Nh3 $1 $16) 9... O-O $11 10. fxe4 dxe4 11. e3 (11. Rd1 $15) 11... Re8 (11... Ng4 $17 12. Bxe7 Qxe7) 12. Nge2 Qa5 (12... h6 $5 13. Bxf6 Nxf6 $15) 13. Qb5 Bb4 14. O-O a6 $1 15. Qxa5 Bxa5 16. Rf5 (16. Rac1 $5) 16... Bb6 17. Raf1 h6 18. Bxf6 Nxf6 19. Rxf6 gxf6 20. Rxf6 Bd8 21. Rd6 Bg4 22. Nf4 (22. Bxe4 $2 Bxe2 23. Kf2 Bg4 24. Rxh6 Rc8 $19) 22... Bc7 23. Rxh6 Kg7 24. Rh4 f5 25. h3 Bd8 $2 {[%emt 0:00:51][%mdl 8192] [#] White leaves nothing to chance now.} (25... Bxf4 $11 {and Black has nothing to worry.} 26. exf4 Bf3) 26. hxg4 $18 Bxh4 27. gxh4 fxg4 28. Kf2 (28. Nxe4 Rac8 29. Nd6 Rc1+ 30. Kh2 Rh8 $18) 28... Rac8 29. Kg3 (29. Bxe4 Rxc3 30. bxc3 Rxe4 $11) 29... b5 30. a3 (30. Bxe4 Rxc3 31. bxc3 Rxe4 $17) (30. Nxe4 Rc2 $18) 30... Rb8 31. Nfd5 a5 32. Nc7 (32. Bxe4 b4 33. axb4 axb4 $11) 32... Rec8 33. N7xb5 a4 $2 {[%emt 0:00:07] [#]} (33... Rxc3 {was necessary.} 34. Nxc3 Rxb2 35. Bxe4 Rb3) 34. Bxe4 {[%emt 0:02:13] White is clearly winning.} Kh6 35. Bf5 Rg8 36. d5 Rbe8 37. e4 ({Stronger than} 37. Nxa4 Rxe3+ 38. Kg2 (38. Kf4 g3 $11) 38... Re2+ 39. Kg3 Re3+ 40. Kg2 (40. Kf4 g3 $11) 40... Re2+ 41. Kg1 (41. Kg3 Re3+ $11) 41... Re1+ 42. Kg2 Re2+ $11) 37... Kg7 38. Nxa4 Kf6 39. Nc5 (39. Bxg4 $2 {perishes.} Rxe4 40. Kf2 Rexg4 $17 (40... Rxa4 41. Be2 $17)) 39... Rg7 40. b4 Ra8 41. a4 Rd8 42. d6 {[%emt 0:03:01] Weighted Error Value: White=0.26 (precise) /Black=0.57.  Loses game:     	---       	Black=1      Mistake:       	White=3     	Black=4      Inaccurate:     	White=2     	Black=4      OK:         	White=6     	Black=7      Best:        	White=3     	---        Strong:       	---       	Black=1} 1-0

[Event "Romanian Superliga Women 2024"]
[Site "Mamaia"]
[Date "2024.10.02"]
[Round "3.2"]
[White "Batagan, Ilinca-Petra"]
[Black "Pirvulescu, Ekaterina"]
[Result "0-1"]
[ECO "C42"]
[WhiteElo "1935"]
[BlackElo "2083"]
[Annotator "NA RC"]
[PlyCount "108"]
[EventDate "2024.09.26"]
[EventType "team-tourn"]
[EventCountry "ROU"]
[SourceTitle "playchess.com"]
[Source "ChessBase"]
[SourceQuality "1"]
[TimeControl "40/5400+30:1800+30"]

1. e4 e5 2. Nf3 Nf6 3. Nxe5 d6 4. Nf3 Nxe4 5. c4 Nc6 6. Nc3 Nxc3 7. dxc3 Be7 8. Bd3 Bf6 9. Qc2 Qe7+ 10. Be3 g6 11. O-O-O O-O $14 12. Bh6 Bg7 13. Bxg7 Kxg7 14. h4 Ne5 15. Nxe5 dxe5 16. h5 Qg5+ 17. Kb1 Be6 18. f3 Rad8 19. g4 Qf4 20. hxg6 hxg6 21. Be4 c6 22. b3 Rh8 23. Rxh8 Rxh8 24. Qd2 Qxd2 25. Rxd2 f5 26. gxf5 gxf5 27. Bc2 Kf6 28. Rd6 Rh3 29. Bd1 Ke7 30. Rd2 Bf7 31. Kc2 f4 32. Rg2 Kf6 33. Kd2 Bh5 34. Rf2 Rg3 35. b4 Rh3 36. b5 c5 37. Kc2 e4 38. fxe4 Bxd1+ 39. Kxd1 Ke5 40. Kd2 Kxe4 41. Re2+ Re3 42. Rh2 Rd3+ 43. Kc2 Rd7 44. Rh8 Ke3 45. Re8+ Kf2 46. Re5 b6 47. a4 f3 48. Rd5 Re7 49. Kd1 Re1+ 50. Kd2 Re2+ 51. Kd3 Ke1 52. Rf5 f2 53. a5 Re7 54. axb6 axb6 0-1

[Event "Romanian Superliga Women 2024"]
[Site "Mamaia"]
[Date "2024.10.02"]
[Round "3.3"]
[White "Iordache, Alexia-Andreea"]
[Black "Sariteanu, Sabina"]
[Result "1-0"]
[ECO "A07"]
[WhiteElo "2014"]
[BlackElo "1815"]
[Annotator "NA RC"]
[PlyCount "71"]
[EventDate "2024.09.26"]
[EventType "team-tourn"]
[EventCountry "ROU"]
[SourceTitle "playchess.com"]
[Source "ChessBase"]
[SourceQuality "1"]
[TimeControl "40/5400+30:1800+30"]

1. Nf3 e6 2. g3 d5 3. Bg2 b6 4. O-O Bb7 5. d3 c5 6. Nbd2 {[%emt 0:00:06] A07: Réti Opening: New York and Capablanca Systems.} Nc6 7. e4 d4 8. e5 Qc7 9. Re1 Nge7 10. Nc4 Ng6 11. a4 Be7 12. Qe2 a6 13. h4 b5 14. axb5 axb5 15. Rxa8+ Bxa8 16. Na3 Qb7 17. h5 Nf8 18. Nd2 g5 19. Ne4 h6 20. c4 dxc3 21. bxc3 Qb8 22. d4 cxd4 23. Nxb5 Qxe5 $18 (23... d3 24. Qa2 (24. Qxd3 Nd7 $18) 24... Nd7 (24... Nxe5 $2 25. Qxa8 Qxa8 26. Nc7+ Kd8 27. Nxa8 $18)) 24. cxd4 Qb8 25. d5 Ne5 26. d6 Bxe4 27. dxe7 Bxg2 28. exf8=R+ Rxf8 29. Qxe5 Qxe5 30. Rxe5 Bf3 31. Ba3 Rg8 32. Rc5 f5 33. Rc7 Bxh5 34. Nd6+ Kd8 35. Ra7 Bf3 36. Bb4 1-0

[Event "Romanian Superliga Women 2024"]
[Site "Mamaia"]
[Date "2024.10.02"]
[Round "3.4"]
[White "Popovici, Bianca-Andrada-Maria"]
[Black "Aldea, Maria-Antonia"]
[Result "0-1"]
[ECO "A50"]
[WhiteElo "1533"]
[BlackElo "1826"]
[Annotator "NA RC"]
[PlyCount "88"]
[EventDate "2024.09.26"]
[EventType "team-tourn"]
[EventCountry "ROU"]
[SourceTitle "playchess.com"]
[Source "ChessBase"]
[SourceQuality "1"]
[TimeControl "40/5400+30:1800+30"]

1. d4 Nf6 2. c4 e6 3. Bf4 b6 4. Nd2 Bb7 5. Ngf3 c5 6. e3 Nc6 7. Ne5 cxd4 8. Nxc6 dxc6 9. exd4 Qxd4 10. Be3 Qd7 11. Be2 Rd8 12. O-O Qc7 13. Qc2 Bd6 14. g3 c5 15. Bf3 Bxf3 16. Nxf3 Qc6 17. Nd2 h6 18. f3 O-O 19. Rad1 Be5 20. b3 Rd7 21. Nb1 Rfd8 22. Kf2 Bd4 23. Bxd4 Rxd4 24. Rxd4 Rxd4 25. Rd1 e5 26. Nc3 Qd7 27. Rxd4 exd4 28. Na4 Qh3 29. Ke1 Qe6+ 30. Kf1 Qe3 31. Qe2 Qxe2+ 32. Kxe2 Nd7 33. Nb2 Ne5 34. Nd3 Nxd3 35. Kxd3 f5 36. a3 Kf7 37. b4 Ke6 38. f4 Kf6 39. bxc5 bxc5 40. a4 g5 41. h3 gxf4 42. gxf4 Kg6 43. a5 Kh5 44. a6 Kh4 0-1

[Event "Romanian Superliga Women 2024"]
[Site "Mamaia"]
[Date "2024.10.02"]
[Round "3.5"]
[White "Semenova, Vasylyna"]
[Black "Tarleva, Diana"]
[Result "1/2-1/2"]
[ECO "A85"]
[WhiteElo "1887"]
[BlackElo "2135"]
[Annotator "NA RC"]
[PlyCount "34"]
[EventDate "2024.09.26"]
[EventType "team-tourn"]
[EventCountry "ROU"]
[SourceTitle "playchess.com"]
[Source "ChessBase"]
[SourceQuality "1"]
[TimeControl "40/5400+30:1800+30"]

1. d4 e6 2. c4 f5 3. Nc3 Nf6 4. g3 Bb4 5. Qc2 d6 6. Bg2 O-O 7. Nf3 Qe8 8. O-O Bxc3 9. Qxc3 a5 10. c5 Ne4 11. Qc4 Bd7 12. cxd6 cxd6 13. Ng5 d5 14. Qb3 Nc6 $11 15. Nxe4 fxe4 16. Rd1 Nb4 17. a4 Rc8 1/2-1/2

[Event "Romanian Superliga Women 2024"]
[Site "Mamaia"]
[Date "2024.10.02"]
[Round "3.6"]
[White "Stanciu, Andreea-Briana"]
[Black "Sunea, Sara Maria"]
[Result "1-0"]
[ECO "A03"]
[WhiteElo "1957"]
[BlackElo "1871"]
[Annotator "NA RC"]
[PlyCount "115"]
[EventDate "2024.09.26"]
[EventType "team-tourn"]
[EventCountry "ROU"]
[SourceTitle "playchess.com"]
[Source "ChessBase"]
[SourceQuality "1"]
[TimeControl "40/5400+30:1800+30"]

1. f4 d5 2. b3 Bg4 3. Bb2 Nc6 4. g3 e6 5. Bg2 Qd7 6. Nf3 f6 7. d4 Nge7 8. Nbd2 Nf5 9. Kf2 O-O-O 10. e3 h5 11. h3 Bxf3 12. Bxf3 h4 13. g4 Nd6 14. c4 Nf7 15. a3 g5 16. cxd5 exd5 $11 17. f5 $1 Bd6 18. b4 Bg3+ 19. Kg2 Rhe8 20. Qb3 Kb8 21. Rhc1 Ne7 22. a4 Nc8 23. Rc5 Qe7 24. Nf1 Bd6 25. Rc2 Bxb4 26. Bxd5 Rf8 27. a5 a6 28. Ra4 Rxd5 29. Qxd5 Rd8 30. Qe6 Bd6 31. Qxe7 Nxe7 32. Ba3 Nd5 33. Kf3 Re8 34. Bc5 Bxc5 35. Rxc5 c6 36. Ra3 Nd6 37. Nd2 Re7 38. Rc1 Nb5 39. Rd3 Nb4 40. Rb3 Nd5 41. Ne4 Kc7 42. Nc5 Kd6 43. Ne6 Ndc7 44. Nxc7 Rxc7 45. Ke4 Rd7 46. Kd3 Ke7 47. Rb4 Rd8 48. e4 Rd7 49. Ke3 Kd6 50. Rc5 Re7 51. Kd3 Re8 52. Rb1 Re7 53. Re1 Kd7 54. e5 Ke8 55. Re4 Kf7 56. exf6 Rxe4 57. Kxe4 Nc7 58. Ke5 1-0

[Event "Romanian Superliga Women 2024"]
[Site "Mamaia"]
[Date "2024.10.02"]
[Round "3.7"]
[White "Bitca, Emilia"]
[Black "Patru, Alexandra-Ioana"]
[Result "1-0"]
[ECO "C96"]
[WhiteElo "1865"]
[BlackElo "1832"]
[Annotator "NA RC"]
[PlyCount "105"]
[EventDate "2024.09.26"]
[EventType "team-tourn"]
[EventCountry "ROU"]
[SourceTitle "playchess.com"]
[Source "ChessBase"]
[SourceQuality "1"]
[TimeControl "40/5400+30:1800+30"]

1. e4 e5 2. Nf3 Nc6 3. Bb5 a6 4. Ba4 Nf6 5. O-O Be7 6. Re1 b5 7. Bb3 d6 8. c3 O-O 9. h3 Nd7 10. d4 Bb7 11. Nbd2 exd4 12. cxd4 Na5 13. Bc2 c5 14. d5 Bf6 15. Nf1 Re8 16. Ne3 g6 17. Ng4 Bg7 18. Bg5 Qb6 19. Nh6+ Kf8 20. Qc1 Nc4 21. Qf4 Nce5 22. Nxe5 Nxe5 23. Bf6 Qc7 24. Re3 Bxf6 25. Qxf6 Qd8 26. Qh8+ Ke7 27. Qxh7 Rh8 28. Qg7 Qf8 29. Qxf8+ Raxf8 30. Ng4 Nxg4 31. hxg4 Rh4 32. f3 Kf6 33. Kf2 Rfh8 34. Rae1 Ke5 35. f4+ Kf6 36. Kg3 Bc8 37. Bd1 Rh1 38. e5+ Ke7 39. Bf3 Rxe1 40. Rxe1 Rg8 41. Rh1 Bd7 42. Rh7 Be8 43. Be4 c4 44. e6 a5 45. Kf3 Kf8 46. f5 gxf5 47. gxf5 Rg7 48. f6 Rxh7 49. Bxh7 fxe6 50. dxe6 Bc6+ 51. Ke3 b4 52. Bg6 Be8 53. e7+ 1-0

[Event "Romanian Superliga Women 2024"]
[Site "Mamaia"]
[Date "2024.10.02"]
[Round "3.8"]
[White "Marin, Alexia-Iuliana"]
[Black "Moldovan, Maia-Rut"]
[Result "1/2-1/2"]
[ECO "E60"]
[WhiteElo "1580"]
[BlackElo "1778"]
[Annotator "NA RC"]
[PlyCount "84"]
[EventDate "2024.09.26"]
[EventType "team-tourn"]
[EventCountry "ROU"]
[SourceTitle "playchess.com"]
[Source "ChessBase"]
[SourceQuality "1"]
[TimeControl "40/5400+30:1800+30"]

1. d4 Nf6 2. Nf3 c5 3. e3 g6 4. c4 Bg7 5. b3 b6 6. Bb2 cxd4 7. exd4 d5 8. Nbd2 dxc4 9. Bxc4 O-O 10. O-O Bb7 11. Re1 Nc6 12. Rc1 Rc8 13. Nf1 Qd6 14. Ng3 a6 15. Bf1 Rfd8 16. Qd3 Nd5 17. Ne5 b5 18. Nxc6 Bxc6 19. Ne4 Qb8 20. Nc5 Qa8 21. Qd2 e6 22. Qa5 Bb7 23. g3 Nc7 24. Nxb7 Qxb7 25. Bg2 Qb8 26. Qb4 Qb6 27. Rc6 Nd5 28. Bxd5 Rxc6 29. Bxc6 Qxc6 30. Rc1 Qe4 31. Qa5 Ra8 32. Qb6 Qe2 33. Qb7 Rd8 34. Rc8 Qd1+ 35. Kg2 Rf8 36. Ba3 Qxd4 37. Bxf8 Bxf8 38. Qxa6 Qd5+ 39. Kg1 Qd1+ 40. Kg2 Qd5+ 41. f3 Qd2+ 42. Kh3 Qh6+ 1/2-1/2

[Event "Romanian Superliga Women 2024"]
[Site "Mamaia"]
[Date "2024.10.02"]
[Round "3.10"]
[White "Cosma, Elena-Luminita"]
[Black "Fataliyeva, Ulviyya"]
[Result "1/2-1/2"]
[ECO "E05"]
[WhiteElo "2226"]
[BlackElo "2378"]
[Annotator "TA"]
[PlyCount "111"]
[EventDate "2024.09.26"]
[EventType "team-tourn"]
[EventCountry "ROU"]
[SourceTitle "playchess.com"]
[Source "ChessBase"]
[SourceQuality "1"]
[TimeControl "40/5400+30:1800+30"]

1. Nf3 d5 2. g3 Nf6 3. Bg2 e6 4. O-O Be7 5. c4 O-O 6. d4 dxc4 7. Qc2 a6 8. a4 Bd7 9. Qxc4 Bc6 10. Bg5 Bd5 11. Qd3 c5 12. dxc5 Nbd7 13. Nc3 Nxc5 14. Qe3 {[%emt 0:00:31] [#] Hoping for Bxf6.} Rc8 {[%emt 0:03:30] The position is equal.} 15. Rad1 h6 16. Nxd5 exd5 17. Bxf6 Bxf6 18. Bh3 Rc7 19. Qa3 Qe8 20. Rxd5 (20. Rc1 {is interesting.} Qxe2 21. b4 Bb2 22. Qa2) 20... Qxe2 21. Rxc5 Rxc5 22. Qxc5 {[%emt 0:00:06] [#] aiming for Kg2.} Qxf3 23. Qb4 Rd8 24. Bg2 Qf5 25. Qxb7 Qa5 26. b3 Bd4 27. h4 (27. Be4 {feels hotter.} Qe5 28. Bd3 a5 29. Bc4) 27... Qe5 28. Qf3 ({Reject} 28. Qxa6 Qxg3 29. h5 Qxb3 $11) 28... g6 29. Kh2 (29. Rc1 {with more complications.} Rd6 30. Rc8+ Kg7 31. Qe4) 29... Rd6 30. Qe4 Qf6 31. Bf3 Bb6 32. Kg2 Qb2 33. Qf4 Rf6 34. Qc4 a5 35. Qd3 Bd4 36. Qc4 Qd2 (36... Bb6 $11) 37. Qd5 (37. Qe2 $14 Qxe2 38. Bxe2) 37... h5 $11 38. Kh2 Rf5 39. Qe4 Re5 (39... Bxf2 {simplifies} 40. Qe2 Be3 41. Qxd2 Bxd2 42. Rd1 Bb4) 40. Qf4 Qb2 (40... Qxf4 {simplifies} 41. gxf4 Rc5 42. Kg2 Bf6) 41. Kg2 Kg7 42. Be4 Qxb3 43. Rb1 (43. Bf3 $11 Qb2 (43... Qxa4 $2 {perishes.} 44. Rd1 $18) 44. Qc1) 43... Qe6 ({Black should try} 43... Qxa4 $15 44. Bf3 Rf5) 44. Bd3 $1 Qd5+ 45. Qf3 Qxf3+ 46. Kxf3 {[%emt 0:00:05][%mdl 4096] Endgame. KRB-KRB} Rc5 47. Rd1 Rc3 48. Kg2 Bc5 49. Rd2 Bb4 50. Rd1 $1 Kf6 51. Kf1 Ke5 52. Re1+ Kd4 53. Bb5 Rf3 54. Re2 Rf6 55. Kg2 Bc5 56. Rd2+ {[%emt 0:00:55] Weighted Error Value: White=0.09 (flawless) /Black=0.10 (very precise) .  Mistake:       	White=2     	Black=2      Inaccurate:     	White=2     	Black=3      OK:         	White=19    	Black=17     Strong:       	White=2     	---} 1/2-1/2

[Event "Romanian Superliga Women 2024"]
[Site "Mamaia"]
[Date "2024.10.02"]
[Round "3.11"]
[White "Navrotescu, Andreea"]
[Black "Cosman, Andreea-Marioara"]
[Result "1/2-1/2"]
[ECO "A37"]
[WhiteElo "2281"]
[BlackElo "2195"]
[Annotator "RC"]
[PlyCount "155"]
[EventDate "2024.09.26"]
[EventType "team-tourn"]
[EventCountry "ROU"]
[SourceTitle "playchess.com"]
[Source "ChessBase"]
[SourceQuality "1"]
[TimeControl "40/5400+30:1800+30"]

1. c4 c5 2. g3 Nc6 3. Bg2 g6 4. Nf3 Bg7 5. Nc3 d6 6. a3 a5 7. O-O e5 8. d3 Nge7 9. Bg5 f6 10. Bd2 O-O 11. Ne1 Be6 12. Nd5 Bf7 13. Nxe7+ Nxe7 14. Bxb7 Rb8 15. Bg2 Rxb2 16. Bc3 Rb8 17. Qa4 d5 18. cxd5 Nxd5 19. Bd2 Rb2 20. Nf3 c4 21. Qxa5 Qxa5 22. Bxa5 cxd3 23. exd3 Ra8 24. Bd2 Rb3 25. a4 Rxd3 26. Rfd1 f5 27. Ng5 e4 28. Rac1 Nc3 29. Bxc3 Rxd1+ 30. Rxd1 Bxc3 31. Bf1 h6 32. Nxf7 Kxf7 33. Rd7+ Kf6 34. Bb5 g5 35. Rd6+ Kg7 36. Kg2 Rf8 37. Rc6 Bd2 38. Rd6 Bb4 39. Rb6 Rf6 40. Bc6 Ba5 41. Rb7+ Kf8 42. Bd5 Bb6 43. h4 gxh4 44. gxh4 Ke8 45. h5 Kd8 46. Kf1 Rd6 47. Bc4 f4 48. Kg2 f3+ 49. Kg3 Bc7 50. Kg4 Rf6 51. Bb5 Rf4+ 52. Kh3 Rf5 53. Kh4 Rf4+ 54. Kh3 Rf5 55. Kh4 Rg5 56. Ra7 Bb6 57. Rd7+ Kc8 58. Rd2 Rg2 59. Rc2+ Kb8 60. Bf1 Rg1 61. Bb5 e3 62. fxe3 Bxe3 63. Rc3 Bg5+ 64. Kh3 f2 65. Rf3 Rh1+ 66. Kg2 Rxh5 67. Rxf2 Rh4 68. Rf7 Re4 69. Kf3 Re7 70. Rf5 Bd2 71. Rd5 Bg5 72. a5 Ka7 73. Kg4 Be3 74. Kf5 Bf2 75. Kg6 Be3 76. Kf6 Rc7 77. Ke6 Rc5 78. Rxc5 1/2-1/2

[Event "Romanian Superliga Women 2024"]
[Site "Mamaia"]
[Date "2024.10.02"]
[Round "3.12"]
[White "Ciolacu, Alessia-Mihaela"]
[Black "Lehaci, Miruna-Daria"]
[Result "1/2-1/2"]
[ECO "D45"]
[WhiteElo "2160"]
[BlackElo "2180"]
[Annotator "RC"]
[PlyCount "22"]
[EventDate "2024.09.26"]
[EventType "team-tourn"]
[EventCountry "ROU"]
[SourceTitle "playchess.com"]
[Source "ChessBase"]
[SourceQuality "1"]
[TimeControl "40/5400+30:1800+30"]

1. d4 d5 2. c4 e6 3. Nf3 Nf6 4. Nc3 c6 5. e3 Nbd7 6. Be2 dxc4 7. a4 Nb6 8. O-O c5 9. dxc5 Qxd1 10. Rxd1 Bxc5 11. Ne5 Nbd5 1/2-1/2